AoeStats
← Chus

Nomad

505095248Analyzed
4v4 RM · 25d ago on Sep 7, 2026· 51m 54s· 8 players
Game mode
Random Map
Map size
231×231
Population
200
Speed
Normal
Resources
Standard
Victory
Conquest
Starting age
Dark Age
Ending age
Imperial Age
RankedLock teamsTeams togetherTeam positionsShared explorationLock speedFull tech treeHidden civsTurbo modeCheats
Victory
Defeat
🇨🇴 Italians · Colombia
1213
+9
🇧🇷 Huns · Brazil
1002
+18
🇺🇸 Saracens · United States
973
+19
🇪🇸 Berbers · Spain
844
+24
🇹🇷 Bulgarians · Türkiye
1086
-19
🇹🇷 Tatars · Türkiye
1075
-19
🇹🇷 Mongols · Türkiye
1045
-18
🇹🇷 Malay · Türkiye
950
-14
pedrocastanhal22
5:26 Loom
17:53 Feudal Age
19:36 Man-at-Arms
26:27 Horse Collar
26:44 Town Watch
27:35 Wheelbarrow
28:19 Gold Mining
28:17 Double-Bit Axe
33:47 Castle Age
32:44 Scale Barding Armor
32:53 Scale Mail Armor
33:31 Stone Mining
37:31 Gold Shaft Mining
37:09 Bow Saw
41:55 Chain Barding Armor
42:13 Light Cavalry
44:32 Murder Holes
46:05 Forging
47:28 Husbandry
49:55 Iron Casting
49:36 Chain Mail Armor
50:33 Hand Cart
Chus
4:03 Loom
14:25 Feudal Age
15:04 Double-Bit Axe
18:43 Town Watch
21:28 Scale Barding Armor
21:34 Forging
23:18 Bloodlines
27:23 Horse Collar
33:02 Castle Age
32:37 Padded Archer Armor
32:27 Fletching
38:09 Fervor
41:12 Guard Tower
45:32 Leather Archer Armor
46:44 Thumb Ring
49:13 Fortified Wall
49:30 Ballistics
49:08 Murder Holes
49:24 Fortified Wall
53:24 Imperial Age
51:24 Bow Saw
51:49 Bodkin Arrow
Ryujin
2:57 Loom
14:25 Feudal Age
18:16 Castle Age
16:05 Double-Bit Axe
16:13 Fletching
16:58 Gold Mining
17:51 Padded Archer Armor
18:57 Bodkin Arrow
19:17 Leather Archer Armor
20:45 Ballistics
25:10 Wheelbarrow
24:21 Town Watch
38:42 Imperial Age
38:07 Forging
37:57 Scale Mail Armor
37:58 Horse Collar
42:42 Squires
42:27 Arson
43:20 Chain Mail Armor
43:40 Iron Casting
43:06 Bracer
43:36 Ring Archer Armor
46:58 Plate Mail Armor
47:28 Blast Furnace
49:04 Chemistry
51:54 Elite Genoese Crossbowman
52:54 Conscription
slumlord866
6:05 Loom
14:38 Feudal Age
20:21 Castle Age
23:09 Stone Mining
23:39 Double-Bit Axe
24:04 Fishing Lines
24:59 Horse Collar
28:45 Heavy Plow
30:03 Wheelbarrow
30:44 Gold Mining
36:17 Imperial Age
37:33 Bloodlines
37:23 Husbandry
37:36 Forging
37:31 Scale Barding Armor
38:31 Gold Shaft Mining
40:07 Bow Saw
41:43 Iron Casting
41:13 Scale Barding Armor
42:15 Elite Mameluke
43:37 Hand Cart
47:47 Blast Furnace
46:52 Scale Barding Armor
47:35 Conscription
48:08 Scale Mail Armor
Kemalius
4:47 Loom
13:57 Feudal Age
16:10 Arson
16:39 Scale Mail Armor
16:50 Forging
23:12 Castle Age
28:19 Town Watch
30:22 Fishing Lines
32:50 Gillnets
36:09 Chain Mail Armor
40:01 Squires
48:54 Double-Bit Axe
dgn.cihat
4:48 Loom
15:20 Feudal Age
16:03 Fishing Lines
17:48 Double-Bit Axe
18:54 Gold Mining
20:18 Stone Mining
21:09 Fletching
21:35 Bloodlines
21:17 Horse Collar
21:53 Scale Barding Armor
26:10 Castle Age
26:48 Padded Archer Armor
26:42 Gillnets
26:35 Elite Skirmisher
29:44 Nomads
30:28 Bow Saw
32:15 Wheelbarrow
32:26 Wheelbarrow
32:00 Husbandry
32:31 Thumb Ring
32:30 Bodkin Arrow
32:37 Town Watch
35:46 Hand Cart
39:50 Heavy Plow
43:36 Imperial Age
42:25 Murder Holes
43:17 Forging
44:54 Conscription
45:24 Gold Shaft Mining
45:35 Hoardings
46:00 Bracer
46:16 Leather Archer Armor
46:46 Ballistics
46:11 Capped Ram
47:05 Onager
48:10 Drill
48:04 Siege Ram
49:50 Stone Shaft Mining
49:18 Light Cavalry
50:16 Caravan
Luffy
7:44 Loom
14:56 Feudal Age
15:53 Wheelbarrow
15:20 Double-Bit Axe
19:01 Fletching
18:57 Man-at-Arms
24:29 Castle Age
24:43 Arson
28:26 Forging
28:28 Bow Saw
29:44 Horse Collar
30:28 Pikeman
34:02 Heavy Plow
35:35 Hand Cart
45:16 Gold Mining
45:51 Fishing Lines
49:56 Iron Casting
cevdetaybars
4:04 Loom
18:19 Feudal Age
19:20 Double-Bit Axe
19:36 Fishing Lines
22:43 Castle Age
23:35 Fletching
23:51 Scale Barding Armor
25:21 Chain Barding Armor
29:26 Bodkin Arrow
29:44 Silk Armor
31:13 Wheelbarrow
35:29 Gillnets
36:09 Forging
37:40 Hand Cart
44:25 Town Watch
Connection lost

Rejoining the realm…

Still unreachable

The connection could not be restored.

Session expired

The server has moved on; the page needs a fresh start.